 Dungeon Crawl Stone Soup version 0.26-b1-32-g5d43845318 (webtiles) character file.

Game seed: 10173153916048364427

15317 Yorgos the Blocker (level 12, -2/100 HPs)
             Began as a Formicid Fighter on Jan 12, 2021.
             Was the Champion of Cheibriados.
             Slain by a yak (9 damage)
             ... on level 11 of the Dungeon.
             The game lasted 00:21:21 (10716 turns).

Yorgos the Blocker (Formicid Fighter)              Turns: 10716, Time: 00:21:22

Health: -2/100     AC: 17    Str: 41    XL:     12   Next: 56%
Magic:  12/12      EV:  9    Int: 23    God:    Cheibriados [******]
Gold:   924        SH: 16    Dex: 25    Spells: 11/11 levels left

rFire    . . .     SeeInvis +   J - +5 battleaxe
rCold    . . .     Faith    .   c - +0 kite shield
rNeg     . . .     Spirit   .   T - +4 chain mail
rPois    .         Reflect  .   (helmet unavailable)
rElec    .         Harm     .   C - +0 cloak {Stlth+}
rCorr    .         Rampage  .   (no gloves)
Will     +....                  (no boots)
Stlth    ..........             h - amulet of regeneration
HPRegen  0.66/turn              (no ring)
MPRegen  0.13/turn              (no ring)

@: very slow
A: permanent stasis, dig shafts and tunnels, four strong arms, antennae 3
a: Dig, Shaft Self, Renounce Religion, Bend Time, Temporal Distortion, Slouch,
Step From Time


You were on level 11 of the Dungeon.
You worshipped Cheibriados.
Cheibriados was exalted by your worship.
You visited 2 branches of the dungeon, and saw 13 of its levels.
You also visited: Bailey.

You collected 924 gold pieces.

Inventory:

Hand Weapons
 n - a +2 hunting sling of flaming
 J - a +5 battleaxe (weapon)
Missiles
 b - 18 javelins
 f - 191 bolts
 m - 102 sling bullets
 q - 486 stones
 r - 266 arrows
 E - 9 curare-tipped darts
 Q - 24 poisoned darts
Armour
 c - a +0 kite shield (worn)
 C - a +0 cloak of stealth (worn)
 H - a scarf of harm
 T - a +4 chain mail (worn)
Jewellery
 h - an amulet of regeneration (around neck)
 s - an uncursed ring of see invisible {unknown}
 v - an uncursed ring of resist corrosion {unknown}
 P - an uncursed ring of protection from cold {unknown}
Wands
 w - a wand of paralysis (13)
 A - a wand of digging (4)
 D - a wand of disintegration (23)
 F - a wand of acid (9)
 L - a wand of flame (17)
 M - a wand of iceblast (8)
 U - a wand of polymorph (3)
Scrolls
 e - 7 scrolls of identify
 j - a scroll of random uselessness
 l - a scroll of noise
 p - 6 scrolls of remove curse
 y - 6 scrolls of teleportation
 z - 2 scrolls of fog
 G - 3 scrolls of enchant armour
 O - a scroll of blinking {unknown}
 R - a scroll of immolation {unknown}
 S - 2 scrolls of fear {unknown}
 V - a scroll of amnesia {unknown}
 W - 2 scrolls of magic mapping
Potions
 a - 2 potions of resistance {unknown}
 d - 2 potions of might
 g - 5 potions of curing
 i - 11 potions of degeneration
 k - 4 potions of haste
 o - 3 potions of attraction {unknown}
 t - 4 potions of flight {unknown}
 u - 3 potions of heal wounds {unknown}
 x - 2 potions of mutation {unknown}
 B - a potion of invisibility {unknown}
 I - 3 potions of lignification {unknown}
 K - 2 potions of brilliance {unknown}
 N - a potion of cancellation {unknown}


   Skills:
 + Level 11.2 Fighting
 + Level 10.1 Axes
 + Level 11.1 Armour
 + Level 12.1 Shields


You had 11 spell levels left.
You didn't know any spells.
Your spell library contained the following spells:

 Spells                   Type           Power        Failure   Level
 Magic Dart               Conj           0%           38%         1
 Searing Ray              Conj           0%           54%         2
 Confusing Touch          Hex            0%           77%         3
 Dazzling Flash           Conj/Hex       0%           77%         3
 Gell's Gravitas          Tloc           0%           77%         3
 Animate Dead             Necr           0%           99%         4
 Fulminant Prism          Conj/Hex       0%           99%         4
 Iskenderun's Mystic Bla  Conj/Tloc      0%           99%         4
 Petrify                  Tmut/Erth      0%           99%         4
 Borgnjor's Vile Clutch   Necr/Erth      0%           100%        5
 Metabolic Englaciation   Hex/Ice        0%           100%        5
 Yara's Violent Unravell  Hex/Tmut       0%           100%        5
 Death Channel            Necr           0%           100%        6
 Simulacrum               Ice/Necr       0%           100%        6


Dungeon Overview and Level Annotations

Branches:
Dungeon (12/15)            Temple (1/1) D:4            Lair (0/6) D:9
    Orc (0/2) D:11         Bailey (visited)

Altars:
Ashenzari
Cheibriados
Dithmenos
Elyvilon
Fedhas
Gozag
Hepliaklqana
Kikubaaqudgha
Makhleb
Nemelex Xobeh
Okawaru
Qazlal
Ru
Sif Muna
Trog
Uskayaw
Vehumet
Wu Jian
Xom
Yredelemnul
Zin
The Shining One

Shops:
D:6 :   D:11 *

Annotations:
D:11 2 transporters, Jorgrun


Innate Abilities, Weirdness & Mutations

You cannot be hasted, slowed, berserked, paralysed or teleported.
You can dig through walls and to a lower floor.
Your four strong arms can wield two-handed weapons with a shield.
You have a pair of large antennae on your head. (SInv)


Message History

You climb upwards.
Level annotation: 2 transporters
There is a stone staircase leading down here.
Evoke which item? (* to show all) (? for menu, Esc to quit)
Aiming: Disintegrate
Press: ? - help, Shift-Dir - straight line, f - Jorgrun
Aim: Jorgrun, wielding a +0 vorpal quarterstaff and wearing a +0 robe (severely wounded, chance to affect: 1%) Jorgrun resists with almost no effort.
The yak gores you!
* * * LOW HITPOINT WARNING * * *
Jorgrun gestures at you while chanting. You resist with significant effort.
Okay, then.
Unknown command.
Unknown command.
Evoke which item? (* to show all) (? for menu, Esc to quit)
Aiming: Disintegrate
Press: ? - help, Shift-Dir - straight line, f/p - Jorgrun
Aim: Jorgrun, wielding a +0 vorpal quarterstaff and wearing a +0 robe (severely wounded, chance to affect: 1%) Jorgrun resists with almost no effort.
The yak gores you!
You die...

#.........)..####.<..
#.........)..# #....
#.........)..# #####
########'##### #
#...# #
#####'######### #
#...[)........######
#..g.)........'.#...
#..@..........#.#...
#.oY..........#.'...
#.............###.†.
#.............# #)..
#.>...........# #...
###########'### #...
##.# ##'# #..# #.#
##.## #..


You could see Jorgrun, a yak and an orc.

Vanquished Creatures
  A two-headed ogre (D:10)
  A fire crab (shapeshifter) (D:10)
  A centaur zombie (D:10)
  A manticore (D:11)
  A komodo dragon (D:9)
  A gargoyle (D:11)
  Maggie (D:10)
  3 trolls
  10 yaks
  3 wraiths
  A wyvern (D:11)
  A vampire mosquito (D:12)
  Grum (D:11)
  A soldier ant (D:11)
  3 water moccasins
  16 orc warriors
  3 black bears
  2 sky beasts
  A swamp drake (D:11)
  A necrophage (D:9)
  3 ice beasts
  A phantom (D:8)
  4 wolves (D:11)
  14 centaurs
  7 ogres
  5 big kobolds
  9 bullfrogs
  A wyvern zombie (D:8)
  A wyvern skeleton (D:11)
  3 scorpions
  11 killer bees (D:9)
  30 wights
  5 howler monkeys
  4 jellies
  3 hounds
  2 orc priests (D:11)
  Crazy Yiuf (D:5)
  13 orc wizards
  3 centaur skeletons
  2 iguanas
  5 worker ants
  Natasha (thrice) (D:2)
  A hound skeleton (D:10)
  2 worker ant zombies
  Robin (D:4)
  4 gnolls
  A howler monkey skeleton (D:5)
  A river rat (D:3)
  10 adders
  6 white imps
  2 oozes (D:2)
  An adder zombie (D:9)
  4 worms
  3 dart slugs (D:1)
  2 leopard geckos
  67 orcs
  2 ball pythons
  8 bats
  3 giant cockroaches
  26 goblins
  13 hobgoblins
  9 jackals
  32 kobolds
  3 quokkas
  A ball python skeleton (D:6)
  4 frilled lizards
  6 rats
395 creatures vanquished.

Vanquished Creatures (others)
  A bush (D:8)
  48 fungi (D:9)
  40 plants
89 creatures vanquished.

Grand Total: 484 creatures vanquished

Notes
Turn   | Place    | Note
-------+----------+-------------------------------------------
     0 | D:1      | Yorgos the Formicid Fighter began the quest for the Orb.
     0 | D:1      | Reached XP level 1. HP: 18/18 MP: 1/1
   317 | D:1      | Reached XP level 2. HP: 23/24 MP: 2/2
   689 | D:1      | Reached skill level 4 in Shields
   689 | D:1      | Reached XP level 3. HP: 29/29 MP: 3/3
  1467 | D:2      | Reached XP level 4. HP: 30/37 MP: 4/4
  1544 | D:2      | Noticed Natasha
  1553 | D:2      | Killed Natasha
  1737 | D:2      | Noticed Natasha
  1746 | D:2      | Killed Natasha
  1747 | D:2      | Reached XP level 5. HP: 29/42 MP: 5/5
  1867 | D:2      | Noticed Natasha
  1872 | D:2      | Killed Natasha
  2040 | D:3      | Noticed a bullfrog
  2054 | D:3      | Killed a bullfrog
  2055 | D:3      | Reached XP level 6. HP: 18/49 MP: 6/6
  2230 | D:3      | Reached skill level 5 in Shields
  2952 | D:3      | Reached XP level 7. HP: 55/55 MP: 7/7
  3043 | D:4      | Found a staircase to the Ecumenical Temple.
  3057 | Temple   | Entered the Ecumenical Temple
  3240 | Temple   | Became a worshipper of Cheibriados the Contemplative
  3307 | D:4      | Reached skill level 5 in Fighting
  3307 | D:4      | Reached skill level 5 in Armour
  3430 | D:4      | Noticed Robin
  3450 | D:4      | Killed Robin
  3593 | D:4      | Reached * piety under Cheibriados
  3975 | D:5      | Entered Level 5 of the Dungeon
  4200 | D:5      | Found a runed translucent door.
  4201 | D:5      | Noticed Crazy Yiuf
  4444 | D:5      | Killed Crazy Yiuf
  4445 | D:5      | Reached skill level 6 in Shields
  4546 | D:6      | Reached XP level 8. HP: 25/63 MP: 8/8
  4755 | D:6      | Reached skill level 5 in Axes
  4755 | D:6      | Found Qidwopta's Book Boutique.
  4876 | D:6      | Reached skill level 7 in Shields
  4927 | D:6      | Reached ** piety under Cheibriados
  4994 | D:6      | Reached XP level 9. HP: 46/71 MP: 9/9
  5582 | D:7      | Identified the cursed +1 scimitar of the Known World
                  | {vorpal, Int+6}
  5692 | D:7      | Reached skill level 8 in Shields
  5771 | D:7      | Found an ancient bone altar of Kikubaaqudgha.
  5772 | D:7      | Found a shimmering blue altar of Sif Muna.
  5773 | D:7      | Found a shimmering altar of Xom.
  5773 | D:7      | Found a glowing golden altar of the Shining One.
  5774 | D:7      | Found a burning altar of Makhleb.
  5933 | D:8      | Reached *** piety under Cheibriados
  6178 | D:8      | Found an ornate altar of the Wu Jian Council.
  6202 | D:8      | Noticed a two-headed ogre
  6210 | D:8      | You fall into a shaft and drop 2 floors!
  6210 | D:10     | Entered Level 10 of the Dungeon
  6297 | D:10     | Noticed a two-headed ogre
  6311 | D:10     | Killed a two-headed ogre
  6312 | D:10     | Reached XP level 10. HP: 29/80 MP: 10/10
  6561 | D:10     | Reached **** piety under Cheibriados
  6594 | D:10     | Noticed Maggie
  6607 | D:10     | Killed Maggie
  6608 | D:10     | Reached skill level 9 in Shields
  6659 | D:10     | Noticed a fire crab
  6666 | D:10     | Killed a fire crab
  6919 | D:9      | Found a flagged portal.
  6956 | D:9      | Reached ***** piety under Cheibriados
  6960 | Bailey   | Entered a bailey
  7248 | Bailey   | Reached skill level 10 in Shields
  7270 | Bailey   | Reached XP level 11. HP: 58/89 MP: 11/11
  7959 | Bailey   | Got a steaming dagger
  8323 | D:9      | Identified the +7 dagger of Xegrapun {vorpal, +Blink rC+
                  | Int-3 Dex+5} (You found it in a bailey)
  8400 | D:9      | Found a staircase to the Lair.
  8497 | D:9      | Reached skill level 10 in Fighting
  8511 | D:9      | Reached skill level 10 in Armour
  8684 | D:9      | Reached ****** piety under Cheibriados
  8888 | D:8      | Reached skill level 11 in Shields
  9006 | D:8      | Found a blossoming altar of Fedhas.
  9027 | D:8      | Found a broken altar of Ashenzari.
  9811 | D:11     | Reached XP level 12. HP: 73/98 MP: 12/12
  9907 | D:11     | Noticed Grum
  9923 | D:11     | Killed Grum
 10016 | D:11     | Found a transporter.
 10016 | D:11     | Identified the +9 trident "Ifeokipt" {distort, +Inv rC+++}
 10249 | D:11     | Found a transporter.
 10255 | D:11     | Noticed a soul eater
 10355 | D:11     | Found the +7 great mace "Firestarter" {inner flame, rF++}
 10411 | D:11     | Found Ideufuf's Evil Emporium.
 10417 | D:11     | Found a basalt altar of Yredelemnul.
 10486 | D:11     | Reached skill level 10 in Axes
 10486 | D:11     | Reached skill level 12 in Shields
 10549 | D:11     | Found a staircase to the Orcish Mines.
 10702 | D:12     | Noticed Jorgrun
 10716 | D:11     | Slain by a yak

Illustrated notes

Levels and vault maps discovered:
D:1:      lemuel_arrival_behind_the_door_large, layout_loops_corners,
          st_stairs_14
D:2:      layout_basic, uniq_natasha
D:3:      corexii_shack_village, layout_rooms, gup_sewer_entry_bowl,
          cheibrodos_gnoll_hut
D:4:      layout_basic, minmay_temple_entry_overgrown,
          kennysheep_generic_room_12, uniq_robin
D:5:      layout_gridville, chequers_serial_rivers_micro_b,
          uniq_crazy_yiuf_cottage
D:6:      layout_rooms, serial_shops, shop
D:7:      layout_basic, grunt_temple_overflow_open, serial_bayou_crossing
D:8:      layout_loops_corners, nicolae_overflow_crystal_walls,
          nicolae_overflow_hidden_temple, fedhas_bush_and_centaur_altar
D:9:      layout_rooms, due_lair_maze_entry_diamond, enter_bailey_5
D:10:     layout_loops_cross, solitary_fountain, uniq_maggie
D:11:     layout_roguey, erik_orc_1, gammafunk_ghost_abyssal_escape,
          nicolae_evil_shop, uniq_grum
D:12:     layout_cave_pools, minivault_7, uniq_jorgrun, uniq_nessos
Temple:   regret_index_temple_generic_petals

Skill      XL: |  1  2  3  4  5  6  7  8  9 10 11 12 |
---------------+-------------------------------------+-----
Shields        | 4 5 6 7 8 10 11 12 | 12.1
Fighting       | 4 5 6 8 9 10 11 | 11.2
Armour         | 4 5 6 7 9 10 11 | 11.1
Axes           | 3 4 5 6 8 9 10 | 10.1

Action                   |  1- 3 |  4- 6 |  7- 9 | 10-12 || total
-------------------------+-------+-------+-------+-------++-------
Melee: War axe           |   121 |   146 |   114 |       ||   381
       Broad axe         |       |       |   139 |   223 ||   362
       Battleaxe         |       |       |       |   274 ||   274
 Fire: Hunting sling     |     1 |       |       |       ||     1
 Abil: Dig               |       |     1 |       |     1 ||     2
       Shaft Self        |       |       |     1 |       ||     1
Evoke: Wand              |       |       |       |     2 ||     2
  Use: Scroll            |       |     3 |       |     6 ||     9
       Potion            |       |       |     1 |       ||     1
Armor: Scale mail        |    58 |    58 |    95 |    78 ||   289
       Chain mail        |       |       |       |   125 ||   125
Dodge: Dodged            |    36 |    49 |    90 |   217 ||   392
Block: Kite shield       |    76 |    82 |   225 |   629 ||  1012
